 Dungeon Crawl Stone Soup version 0.13-a0-2505-g5f0fbe2 (webtiles) character file.

89 Rycklaryybbe the Sneak (level 2, 0/19 HPs)
             Began as a Vampire Necromancer on July 23, 2013.
             Slain by a rat (3 damage)
             ... on Level 1 of the Dungeon.
             The game lasted 00:03:14 (554 turns).

Rycklaryybbe the Sneak (Vampire Necromancer)         Turns: 554, Time: 00:03:14

HP   0/19        AC  3     Str  7      XL: 2   Next: 75%
MP   2/5         EV 12     Int 17      God:
Gold 66          SH  0     Dex 14      Spells:  1 memorised,  2 levels left

Res.Fire  : x . .   See Invis. : +   j - +0,+1 orc dagger
Res.Cold  : + . .   Warding    : .   a - +0 robe
Life Prot.: + . .   Conserve   : .   (no shield)
Res.Poison: .       Res.Corr.  : .   (no helmet)
Res.Elec. : .       Clarity    : .   (no cloak)
Sust.Abil.: . .     Spirit.Shd : .   f - +0 pair of gloves
Res.Mut.  : .       Stasis     : .   (no boots)
Res.Rott. : .       Flight     : .   (no amulet)
Saprovore : . . .                    (no ring)
                                     g - ring of ice

@: not resistant to hostile enchantments, quite stealthy
A: fangs 3, see invisible, unbreathing
a: no special abilities


You were on level 1 of the Dungeon.
You were not thirsty.

You visited 1 branch of the dungeon, and saw 1 of its levels.

You collected 46 gold pieces.

Inventory:

Hand weapons
 i - a +2,+4 sling
 j - a +0,+1 orcish dagger (weapon)
Missiles
 h - 5 darts (quivered)
Armour
 a - a +0 robe (worn)
 f - a +0 pair of gloves (worn)
Scrolls
 d - a scroll of magic mapping {unknown}
 e - a scroll of remove curse {unknown}
Jewellery
 g - a ring of ice (left hand)
Potions
 c - 2 potions of blood
 k - 2 potions of speed {unknown}
Books
 b - a book of Necromancy

   Spells                             Type                      Level
   *Pain                              Necromancy                   1
   Animate Skeleton                   Necromancy                   1
   Lethal Infusion                    Charms/Necromancy            2
   Vampiric Draining                  Necromancy                   3
   Regeneration                       Charms/Necromancy            3
   Animate Dead                       Necromancy                   4
   Control Undead                     Necromancy                   4


   Skills:
 - Level 2.1 Dodging
 + Level 5.2 Stealth
 - Level 1.0 Spellcasting
 - Level 4.3 Necromancy


You had 2 spell levels left.
You knew the following spells:

 Your Spells              Type           Power        Failure   Level  Hunger
a - Pain                  Necr           ###.         3%          1    ##.....


Dungeon Overview and Level Annotations

Branches:
Dungeon (1/27)

Altars:


Innate Abilities, Weirdness & Mutations

You have razor-sharp teeth.
You have supernaturally acute eyesight.
You can survive without breathing.


Message History

The jackal bites you but does no damage.
You barely miss the jackal. The jackal closely misses you.
You hit the jackal.
The jackal is moderately wounded.
The jackal closely misses you.
The jackal bites you but does no damage.
You closely miss the jackal.
The jackal is lightly wounded.
The jackal barely misses you.
Casting: Pain
Confirm with . or Enter, or press ? or * to list all spells.
Aiming: Pain
Press: ? - help, Shift-Dir - straight line, f - jackal
Aim: a jackal (lightly wounded)
The jackal convulses in agony!
You kill the jackal!
You hit the rat.
The rat is heavily wounded.
The rat bites you.
You die...

#...#
#...#
#...#
##..#
#..# #..#
#.)#
####..#
#.r@..#
#.###...#
#)# ###.#
#%# >#
#h# . #.#
## #.#
... ..#


You could see a rat.

Vanquished Creatures
  2 hobgoblins (D:1)
  11 jackals (D:1)
  A kobold (D:1)
  A ball python (D:1)
  2 goblins (D:1)
  2 rats (D:1)
19 creatures vanquished.

Notes
Turn   | Place    | Note
--------------------------------------------------------------
     0 | D:1      | Rycklaryybbe, the Vampire Necromancer, began the quest for the Orb.
     0 | D:1      | Reached XP level 1. HP: 13/13 MP: 4/4
     2 | D:1      | Noticed an ogre
     4 | D:1      | Noticed a dwarf
     6 | D:1      | Noticed a minotaur
     6 | D:1      | Noticed a naga
    10 | D:1      | Noticed a troll
    10 | D:1      | Noticed a merfolk
    12 | D:1      | Noticed a draconian
    12 | D:1      | Noticed a ghoul
    14 | D:1      | Noticed an elf
    16 | D:1      | Noticed a human
    18 | D:1      | Noticed a tengu
    18 | D:1      | Noticed an octopode
    21 | D:1      | Noticed a felid
    21 | D:1      | Noticed a spriggan
    23 | D:1      | Noticed a demonspawn
    23 | D:1      | Noticed a centaur
    25 | D:1      | Noticed a vampire
    25 | D:1      | Noticed a demigod
   412 | D:1      | Reached XP level 2. HP: 19/19 MP: 5/5
   529 | D:1      | Reached skill level 5 in Stealth
   554 | D:1      | Slain by a rat

Action                   || total
-------------------------++-------
Melee: Dagger            ||    66
       Unarmed           ||    13
 Cast: Pain              ||     7
